[Event "Kezmarok Chess Open 2022"]
[Site "Kezmarok"]
[Date "2022.10.01"]
[Round "9.6"]
[White "Elias, David"]
[Black "Janik, Marek Tobias"]
[Result "1/2-1/2"]
[ECO "A04"]
[WhiteElo "1988"]
[BlackElo "1823"]
[Annotator "TA"]
[PlyCount "71"]
[EventDate "2022.09.24"]
[EventType "swiss"]
[EventCountry "SVK"]
[SourceTitle "playchess.com"]
[Source "ChessBase"]
[SourceQuality "1"]
[TimeControl "40/5400+30:1800+30"]

1. Nf3 c5 2. c4 Nc6 3. g3 g6 4. Bg2 Bg7 5. O-O e5 6. d3 Nge7 7. Nc3 h6 {[%emt 0:01:23] A37: Symmetrical English vs ...g6: 4 Bg2 Bg7 5 Nf3.} 8. Be3 d6 9. Qc1 f5 {[%emt 0:07:54] [#]} 10. h4 $146 ({Predecessor:} 10. Ne1 Be6 11. Rb1 b6 12. Nc2 Rc8 13. Bd2 g5 14. f4 gxf4 15. gxf4 Ng6 16. Nd5 {0-1 (29) Ivaschenko,V (2128)-Anoshkin,A (2424) Rostov on Don 2008}) 10... Kf8 11. a3 Kg8 12. Rb1 a5 13. Bd2 Qd7 14. Ne1 a4 15. b3 axb3 16. Rxb3 Nd4 17. Rb1 Kh7 18. e3 Ne6 19. Qb2 Nc6 20. Nd5 {[%emt 0:01:19] [#] And now Nb6 would win.} Qf7 21. Nb6 Rb8 22. Bc3 {[%emt 0:01:38] White is more active.} f4 (22... Nc7 $1 $14) 23. gxf4 $2 (23. Be4 $18) 23... exf4 $11 24. Bxg7 Nxg7 25. Nd5 {[%emt 0:00:56] Black must now prevent Nf6+.} Nh5 {[%emt 0:03:44] Against Nf6+} 26. Qb6 (26. Nxf4 $11 {was preferrable.} Nxf4 27. exf4) 26... Be6 (26... Rd8) 27. Nf3 (27. Nxf4 $11 Nxf4 28. exf4) 27... Rhd8 (27... Bxd5 $2 28. cxd5 Ne5 29. Nxe5 (29. Qxd6 Nxd3 30. e4 Nf6 $16) 29... dxe5 30. Qxc5 $16) ({Black should try} 27... Rhg8 $17) 28. Nc7 (28. d4 $11) 28... Rdc8 (28... Bc8 $17) 29. Nxe6 Qxe6 30. Rbe1 ({White should play} 30. d4 $11 Qe7 31. Rfe1) 30... Qg4 $15 31. d4 (31. a4 $1 $15) 31... fxe3 $17 32. fxe3 {[%emt 0:01:05] [#]} Ng3 ({Better is} 32... cxd4 $1 $17 {Hoping for ...d3.} 33. Nxd4 Ne5 34. Qxd6 Qg3 35. Qe7+ Kh8) 33. Nh2 $11 {[%emt 0:01:34] The position is equal.} Ne2+ {[%emt 0:03:00] Pair of Knights!} 34. Kh1 {[%emt 0:00:45] The board is on fire.} Ng3+ 35. Kg1 Ne2+ 36. Kh1 {[%emt 0:02:15] Weighted Error Value: White=0.32/Black=0.29 (precise)} 1/2-1/2

[Event "Kezmarok Chess Open 2022"]
[Site "Kezmarok"]
[Date "2022.10.01"]
[Round "9.7"]
[White "Bochnickova, Simona"]
[Black "Smetana, Peter"]
[Result "0-1"]
[ECO "B32"]
[WhiteElo "1903"]
[BlackElo "1715"]
[Annotator "TA"]
[PlyCount "120"]
[EventDate "2022.09.24"]
[EventType "swiss"]
[EventCountry "SVK"]
[SourceTitle "playchess.com"]
[Source "ChessBase"]
[SourceQuality "1"]
[TimeControl "40/5400+30:1800+30"]

1. e4 c5 2. Nf3 Nc6 3. d4 cxd4 4. Nxd4 e5 5. Nb5 d6 6. c4 Be7 {[%emt 0:00:33] 6...Be6 gains popularity.} 7. N5c3 {[%emt 0:00:34] B32: Sicilian: Löwenthal and Kalashnikov Variations.} f5 8. exf5 Bxf5 9. Bd3 {[%emt 0:00:13] White is slightly better.} Be6 10. Nd5 Nf6 11. Nbc3 O-O 12. O-O Kh8 {[%emt 0:07:51] [#]} 13. Nxf6 $146 (13. Be3 Rc8 14. Rc1 Ng4 15. Qc2 Nd4 16. Qa4 Bg5 17. Be4 Bxd5 18. Bxg5 Qxg5 19. Bxd5 Rxf2 20. h3 Qe3 21. Kh1 Rcf8 22. Rfe1 Qxe1+) (13. h3 {is more complex.} Nd4 14. Nxf6 Bxf6 15. Qh5) ({Predecessor:} 13. Be3 Rc8 14. Rc1 Ng4 15. Qc2 Nd4 16. Qa4 Bg5 17. Be4 Bxd5 18. Bxg5 Qxg5 19. Bxd5 Rxf2 20. h3 Qe3 21. Kh1 Rcf8 22. Rfe1 Qxe1+ {0-1 (22) Rogulj,B (2363)-Radusinovic,L (2348) Bihac 2022}) 13... gxf6 14. Nd5 f5 15. b3 Bf6 16. Nxf6 Qxf6 17. Bb2 f4 18. Be4 {[%emt 0:07:30] aiming for Bxc6. This bishop pair is nice.} (18. Qh5 $6 Qg7 $11) 18... Rad8 19. Qd2 ({Of course not} 19. Qh5 Qg7 $11) 19... Bf5 20. Bf3 Bc8 21. Rad1 Rg8 22. Qe2 Bh3 $1 23. Kh1 Bxg2+ 24. Bxg2 Rxg2 25. Kxg2 f3+ 26. Qxf3 Rg8+ 27. Qg3 $1 Rxg3+ ({Black should try} 27... h5 $1 $14) 28. fxg3 $16 Qg6 29. Rf8+ Kg7 {[%emt 0:00:08] [#]} 30. Rdf1 $36 {[%emt 0:00:26][%mdl 2048] Black is under strong pressure.} Qe4+ 31. Kh3 h5 32. R8f4 Qc2 (32... Qg6 $16 {was worth a try.}) 33. R1f2 (33. Rf7+ Kg8 34. Rf8+ Kh7 35. Bc1) (33. Rf7+ $18 {is the precise move to win.} Kg8 34. Rf8+ Kh7 35. Bc1) 33... Qd3 $2 (33... Qd1 $16 {is a better defense.}) 34. Rf5 Qd1 {[%emt 0:01:12] [#]} (34... Qe3 $142 35. Kh4 Ne7 36. Rf7+ Kh6) 35. Rg5+ $1 $18 Kh6 36. Rff5 (36. Kh4 $18) 36... Ne7 $11 37. Rxh5+ Kg6 38. Rhg5+ Kh6 {[%emt 0:00:10] Active counter play!} 39. Rh5+ Kg6 40. Rfg5+ Kf6 {[%emt 0:00:18] The board is on fire.} 41. Ba3 Qf1+ 42. Kh4 Ng6+ 43. Rxg6+ Kxg6 {[%emt 0:00:08][%mdl 4096] Endgame KQ-KRB} 44. Rg5+ Kf7 {[%emt 0:01:07] Hoping for ...Qf2.} 45. Bxd6 Qf2 {[%emt 0:00:59][%csl LRa2,LRh2] ...Qd4+ is the strong threat.} 46. Bxe5 Qxh2+ 47. Kg4 Qxa2 48. Kf5 $2 (48. Rf5+ $17 Ke6 49. Bd4) 48... Qc2+ $19 ({Inferior is} 48... Qxb3 49. Rg7+ Kf8 50. Rc7 $17) 49. Kg4 (49. Kf4 $142) 49... Qxb3 50. c5 Qc4+ 51. Bf4 Qe6+ 52. Kf3 a5 53. g4 Qb3+ 54. Ke4 Qc4+ 55. Ke3 a4 {[%emt 0:00:00] And now ...a3 would win.} 56. Rf5+ Ke6 {[%emt 0:00:00] White must now prevent ...a3.} 57. Rh5 a3 58. c6 Qc3+ 59. Ke2 bxc6 {[%emt 0:00:00] ( -> ...a2)} 60. Be5 Qxe5+ {[%emt 0:00:00] Never resign too early!  Weighted Error Value: White=0.66/Black=0.18 (very precise)} 0-1

[Event "Kezmarok Chess Open 2022"]
[Site "Kezmarok"]
[Date "2022.10.01"]
[Round "9.8"]
[White "Mirowska, Oliwia"]
[Black "Fizer, Marek"]
[Result "0-1"]
[ECO "D02"]
[WhiteElo "1856"]
[BlackElo "1963"]
[Annotator "TA"]
[PlyCount "70"]
[EventDate "2022.09.24"]
[EventType "swiss"]
[EventCountry "SVK"]
[SourceTitle "playchess.com"]
[Source "ChessBase"]
[SourceQuality "1"]
[TimeControl "40/5400+30:1800+30"]

1. d4 d5 2. Nf3 e6 3. Bf4 Bd6 4. Bg3 Ne7 5. e3 O-O 6. Bd3 {[%emt 0:00:59] D02: 1 d4 d5 2 Nf3 sidelines, including 2...Nf6 3 g3 and 2...Nf6 3 Bf4.} h6 7. Nbd2 b6 {[%emt 0:01:07] [#]} 8. Qe2 $146 {[%emt 0:00:28] The position is equal.} ({Predecessor:} 8. O-O c5 9. c3 Ba6 10. Bxa6 Nxa6 11. Qe2 Nc7 12. e4 dxe4 13. Nxe4 Bxg3 14. hxg3 cxd4 15. Nxd4 {½-½ (64) Chitlange,S (2167)-Kozelov,R (2120) Chess.com INT 2020}) 8... a5 9. e4 c5 10. e5 Bc7 11. c3 Ba6 12. Bf4 Bxd3 13. Qxd3 Nbc6 14. a3 f6 (14... c4 $15 15. Qe2 b5) 15. Bg3 (15. exf6 $1 $11 {remains equal.} Bxf4 16. fxe7 Qxe7 17. O-O) 15... fxe5 $17 16. Nxe5 Nxe5 17. dxe5 Nc6 18. f4 c4 19. Qg6 Qd7 20. Rd1 b5 21. Ne4 {[%emt 0:02:33] aiming for Nc5.} Ne7 22. Qg4 Nf5 23. Qg6 Ne3 $36 {[%emt 0:09:06][%mdl 2048] Black has good play.} 24. Rd2 Nxg2+ $1 25. Kd1 (25. Rxg2 $15 dxe4 26. Qxe4) 25... Ne3+ (25... Nxf4 $17 26. Bxf4 Qe8 27. Qxe8 Raxe8) 26. Ke2 $11 Bb6 {[%emt 0:02:32][%cal Bc7b6,Bb6e3,Be3d4][%mdl 32] White must now prevent ...Nf5.} 27. Nf6+ {[%emt 0:01:02] [#]} (27. Bf2 $1 $11 Kh8 28. Bxe3 Bxe3 29. Kxe3 Qa7+ 30. Rd4 dxe4 31. Qxe6) 27... Rxf6 $1 $15 28. exf6 {[%emt 0:00:09] Hoping for Bf2.} Nf5 $1 {[%emt 0:00:04] And now ...Be3 would win.} (28... Qf7 $2 29. Qxf7+ Kxf7 30. Bf2 $18) 29. fxg7 {[%emt 0:02:26] [#]} (29. Re1 $15) 29... Be3 $1 $17 30. Rdd1 {[%emt 0:10:33] [#]} (30. Re1 $17) 30... d4 $1 $19 {[%emt 0:00:21] The board is on fire.} 31. cxd4 $2 (31. Rhe1 Qd5 32. Bf2 d3+ 33. Kf1 Bxf2 34. Kxf2 Qc5+ 35. Kf1 Ne3+ 36. Rxe3 Qxe3 37. Qg4 (37. Re1 $2 Qxf4+ 38. Kg1 d2 $19)) 31... Qd5 32. Bf2 Qe4 {[%emt 0:01:01] ( -> ...Qc2+)} 33. Qg1 Nxd4+ 34. Rxd4 Bxd4+ {[%emt 0:00:05][%mdl 64] Discovered Attack} 35. Be3 Rd8 {[%emt 0:02:11] Weighted Error Value: White=1.01/Black=0.10 (very precise)} 0-1

[Event "Kezmarok Chess Open 2022"]
[Site "Kezmarok"]
[Date "2022.10.01"]
[Round "9.9"]
[White "Kovac, Lubomir"]
[Black "Fizerova, Lucie"]
[Result "1/2-1/2"]
[ECO "D20"]
[WhiteElo "2091"]
[BlackElo "1779"]
[Annotator "TA"]
[PlyCount "42"]
[EventDate "2022.09.24"]
[EventType "swiss"]
[EventCountry "SVK"]
[SourceTitle "playchess.com"]
[Source "ChessBase"]
[SourceQuality "1"]
[TimeControl "40/5400+30:1800+30"]

1. d4 d5 2. c4 dxc4 3. Nc3 a6 4. a4 Nf6 5. e3 e6 6. Bxc4 c5 7. Nf3 Nc6 8. O-O Be7 9. b3 {[%emt 0:05:12] D27: Queen's Gambit Accepted: Classical main line: 7 e4!? and 7 a4.} O-O 10. Ne2 b6 11. Bb2 Bb7 {[%emt 0:02:15] [#]} 12. Ng3 $146 ({Predecessor:} 12. Rc1 Rc8 13. Ng3 Qd7 14. Qe2 a5 15. Bb5 Rfd8 16. dxc5 Bxc5 17. Bxf6 gxf6 18. Nh4 {1-0 (29) Stavrianakis,I (1965)-Moutzouris,I (1275) Kalamata 2008}) 12... Nb4 13. Rc1 Rc8 14. Qe2 Rc7 15. dxc5 Bxc5 16. e4 Qe7 17. Bc3 Rfc8 18. Be5 Rd7 19. Rcd1 {[%emt 0:00:23] [#] aiming for Bxf6.} Rcd8 {[%emt 0:01:05][%cal Oc5f2] And now ...Bxf2+! would win.} 20. Rxd7 Rxd7 ({But not} 20... Qxd7 21. Bxf6 gxf6 22. Nh5 $14) 21. Bc3 a5 {[%emt 0:01:26] Weighted Error Value: White=0.11 (very precise) /Black=0.07 (flawless)} 1/2-1/2

[Event "Kezmarok Chess Open 2022"]
[Site "Kezmarok"]
[Date "2022.10.01"]
[Round "9.10"]
[White "Rakovsky, Jakub"]
[Black "Rak, Martin"]
[Result "1/2-1/2"]
[ECO "B00"]
[WhiteElo "2012"]
[BlackElo "1805"]
[Annotator "TA"]
[PlyCount "34"]
[EventDate "2022.09.24"]
[EventType "swiss"]
[EventCountry "SVK"]
[SourceTitle "playchess.com"]
[Source "ChessBase"]
[SourceQuality "1"]
[TimeControl "40/5400+30:1800+30"]

1. e4 b6 2. d4 Bb7 3. Nc3 e6 4. Nf3 Bb4 5. Bd3 Nf6 6. Qe2 d5 7. exd5 Nxd5 8. Bd2 Nxc3 9. bxc3 Be7 10. O-O Nd7 11. Be4 {[%emt 0:04:19] B00: Queen's Fianchetto Defence, Nimzowitsch Defence.} (11. Rfd1) 11... Bxe4 12. Qxe4 O-O 13. Qc6 {[%emt 0:09:43] The position is equal.} Nf6 {[%emt 0:09:46] [#]} 14. c4 $146 {[%emt 0:06:20] Inhibits Qd5.} ({Predecessor:} 14. Rfd1 Qd6 15. Ne5 Rfd8 16. Bf4 Nd7 17. Be3 Nf6 18. Bf4 Nd7 19. Ng6 Qa3 20. Nxe7+ Qxe7 {0-1 (57) Harcaut,A (1545)-Fernandes,M (1853) Lisbon 2014}) 14... Qd6 15. Qxd6 ({White should try} 15. Qa4 $15) 15... cxd6 $17 {[%emt 0:00:48] Black is better.} 16. Bg5 Rac8 17. Nd2 d5 {[%emt 0:11:05] White got outplayed after the opening.  Weighted Error Value: White=0.28 (precise) /Black=0.00 (flawless)} 1/2-1/2

[Event "Kezmarok Chess Open 2022"]
[Site "Kezmarok"]
[Date "2022.10.01"]
[Round "9.11"]
[White "Striskova, Lucia"]
[Black "Straka, Simon"]
[Result "1-0"]
[ECO "A05"]
[WhiteElo "1866"]
[BlackElo "1732"]
[Annotator "NA RC COMBH"]
[PlyCount "111"]
[EventDate "2022.09.24"]
[EventType "swiss"]
[EventCountry "SVK"]
[SourceTitle "playchess.com"]
[Source "ChessBase"]
[SourceQuality "1"]
[TimeControl "40/5400+30:1800+30"]

1. Nf3 Nf6 2. g3 g6 3. Bg2 Bg7 4. c4 c5 5. O-O Nc6 6. d4 cxd4 7. Nxd4 O-O 8. Nc3 Nxd4 9. Qxd4 d6 10. Qd3 Rb8 11. b3 b6 12. Bb2 Nd7 13. e4 Nc5 14. Qc2 Bb7 15. Rae1 f5 16. exf5 Bxg2 17. Kxg2 Rxf5 18. Nd5 e5 19. f4 Nd7 20. fxe5 Rxf1 21. Rxf1 Nxe5 22. Qf2 Rb7 23. Bxe5 Bxe5 24. Qf3 Rd7 25. Ne3 Kg7 26. Ng4 Qe7 27. Re1 Qg5 28. h4 Qe7 29. Qd5 Qf7 30. Qxf7+ Kxf7 31. Rxe5 h5 32. Re4 hxg4 33. Rxg4 Re7 34. Kf3 Re5 35. Rf4+ Kg7 36. Rd4 Re6 37. Re4 Rf6+ 38. Ke3 a5 39. Re7+ Kh6 40. g4 Rf1 41. Kd3 Ra1 42. a4 Rd1+ 43. Kc3 Rc1+ 44. Kd2 Rg1 45. Rb7 Rxg4 46. Rxb6 Rd4+ 47. Kc3 Rxh4 48. Rxd6 Rh3+ 49. Rd3 Rh5 50. b4 axb4+ 51. Kxb4 g5 52. a5 g4 53. a6 Kg6 54. a7 Rh8 55. Ra3 Ra8 56. Kb5 1-0

[Event "Kezmarok Chess Open 2022"]
[Site "Kezmarok"]
[Date "2022.10.01"]
[Round "9.12"]
[White "Velychko, Semen"]
[Black "Sekova, Olivia"]
[Result "1/2-1/2"]
[ECO "A45"]
[WhiteElo "1604"]
[BlackElo "1797"]
[Annotator "NA RC COMBH"]
[PlyCount "90"]
[EventDate "2022.09.24"]
[EventType "swiss"]
[EventCountry "SVK"]
[SourceTitle "playchess.com"]
[Source "ChessBase"]
[SourceQuality "1"]
[TimeControl "40/5400+30:1800+30"]

1. d4 Nf6 2. Nc3 d5 3. Bf4 a6 4. e3 e6 5. Nf3 c5 6. Be2 Nc6 7. O-O Bd6 8. dxc5 Bxf4 9. exf4 Qa5 10. Qd2 Qxc5 11. Na4 Qe7 12. Nb6 Rb8 13. a4 Qc5 14. a5 O-O 15. c3 Nxa5 16. Qd4 Nb3 17. Qxc5 Nxc5 18. Ne5 Ncd7 19. Nbxd7 Bxd7 20. g4 Bc6 21. Nxc6 bxc6 22. Rfb1 Rb3 23. Rxa6 c5 24. Ra3 Rfb8 25. Rxb3 Rxb3 26. Bd1 Rb8 27. f3 Kf8 28. Bc2 d4 29. cxd4 cxd4 30. Be4 Rb4 31. Kf2 Ke7 32. Ke2 Kd6 33. Kd3 e5 34. fxe5+ Kxe5 35. b3 Nd7 36. Kc2 Nc5 37. Bd3 Kf4 38. Bc4 f6 39. Rf1 Nd7 40. Kd3 Ne5+ 41. Kxd4 Rb8 42. Bd5 Rd8 43. Kc5 Rc8+ 44. Kd4 Rc2 45. h4 Rd2+ 1/2-1/2

[Event "Kezmarok Chess Open 2022"]
[Site "Kezmarok"]
[Date "2022.10.01"]
[Round "9.13"]
[White "Kapolkova, Greta"]
[Black "Mazak, Ryan"]
[Result "0-1"]
[ECO "C48"]
[WhiteElo "1723"]
[BlackElo "1590"]
[Annotator "NA COMBH"]
[PlyCount "68"]
[EventDate "2022.09.24"]
[EventType "swiss"]
[EventCountry "SVK"]
[SourceTitle "playchess.com"]
[Source "ChessBase"]
[SourceQuality "1"]
[TimeControl "40/5400+30:1800+30"]

1. e4 e5 2. Nf3 Nf6 3. Nc3 Nc6 4. Bb5 Bc5 5. d3 a6 6. Ba4 b5 7. Bb3 Bb7 8. Bg5 Be7 9. Qd2 d6 10. h3 Qd7 11. a3 Nd4 12. Nxd4 exd4 13. Ne2 c5 14. Bxf6 Bxf6 15. f4 Rc8 16. c4 Bd8 17. Bc2 bxc4 18. dxc4 Qe6 19. Qd3 Ba5+ 20. Kf2 Qg6 21. g3 O-O 22. g4 Rfe8 23. Kf3 Bxe4+ 24. Qxe4 Rxe4 25. Bxe4 Qe6 26. b3 g6 27. Rhg1 Kf8 28. b4 f5 29. gxf5 gxf5 30. Bxf5 Qxf5 31. bxa5 Qd3+ 32. Kf2 Qe3+ 33. Kf1 Re8 34. Rg2 d3 0-1

[Event "Kezmarok Chess Open 2022"]
[Site "Kezmarok"]
[Date "2022.10.01"]
[Round "9.14"]
[White "Ropovik, Samuel"]
[Black "Juracak, David"]
[Result "1-0"]
[ECO "C42"]
[WhiteElo "1497"]
[BlackElo "1708"]
[Annotator "NA RC COMBH"]
[PlyCount "35"]
[EventDate "2022.09.24"]
[EventType "swiss"]
[EventCountry "SVK"]
[SourceTitle "playchess.com"]
[Source "ChessBase"]
[SourceQuality "1"]
[TimeControl "40/5400+30:1800+30"]

1. e4 e5 2. Nf3 Nf6 3. Nxe5 d6 4. Nf3 Nxe4 5. c4 Bf5 6. Nc3 Nc6 7. Qe2 Qd7 8. d3 O-O-O 9. dxe4 Re8 10. Be3 Bxe4 11. Nxe4 Rxe4 12. Qc2 Qe6 13. Be2 Be7 14. a3 g6 15. Bd3 Rg4 16. g3 Ne5 17. Nxe5 Qxe5 18. Qe2 1-0

[Event "Kezmarok Chess Open 2022"]
[Site "Kezmarok"]
[Date "2022.10.01"]
[Round "9.15"]
[White "Belus, Benjamin"]
[Black "Hanina, Marcel"]
[Result "1-0"]
[ECO "A30"]
[WhiteElo "1932"]
[BlackElo "1411"]
[Annotator "TA"]
[PlyCount "95"]
[EventDate "2022.09.24"]
[EventType "swiss"]
[EventCountry "SVK"]
[SourceTitle "playchess.com"]
[Source "ChessBase"]
[SourceQuality "1"]
[TimeControl "40/5400+30:1800+30"]

1. c4 c5 2. g3 Nf6 3. Bg2 g6 4. Nc3 Bg7 5. e3 Nc6 6. d4 {[%emt 0:00:03] A34: Symmetrical English: 2 Nc3, lines with ...d5.} cxd4 7. exd4 e6 8. d5 {[%emt 0:00:44] The position is equal.} exd5 {[%emt 0:00:18] [#]} 9. Nxd5 $146 (9. cxd5 $14 Ne5 10. Nf3) ({Predecessor:} 9. cxd5 Nb8 10. Nf3 O-O 11. O-O d6 12. Bf4 a6 13. a4 Bg4 14. Qb3 Bxf3 15. Bxf3 {1-0 (28) Chugunov,V (1936)-Mikeev,V (1784) Uljanovsk 2014}) 9... O-O 10. Ne2 {[%emt 0:00:04] Active counter play!} Nxd5 11. Bxd5 b6 (11... d6 $11) 12. O-O $14 Bb7 (12... Ba6) (12... Ba6 $11) 13. Nf4 Na5 (13... Qf6 $14) 14. Rb1 Bxd5 15. Qxd5 Qc7 16. b3 Nc6 17. Ba3 Rfe8 18. h4 Ne5 (18... Be5 $14) 19. Rbd1 $16 Qc6 20. Bd6 (20. Qg2 $16) 20... Qxd5 (20... Nf3+ $14 21. Kg2 Nd4) 21. Nxd5 $18 ({Worse is} 21. cxd5 Bh6 $11) 21... Red8 22. Bc7 ({White should try} 22. h5 $18 Nc6 23. Kg2) 22... Rf8 (22... Re8 $16) 23. Ne7+ Kh8 24. Bxe5 Bxe5 25. Rxd7 h5 26. Rfd1 Bf6 27. Nc6 a6 28. a4 {[%emt 0:00:35] Prevents b5.} Kg8 29. Rb7 b5 $2 (29... a5 30. Rxb6 Rfc8) 30. cxb5 axb5 31. Rxb5 Rfc8 32. Rb6 Kg7 33. Rd2 Re8 34. Ra2 Re6 35. a5 Rc8 {[%emt 0:04:37] [#]} 36. Nb4 (36. Na7 Rc1+ 37. Kg2 Rxb6 38. axb6) (36. Na7 $1 $18 {[%cal Ra7c8] and the rest is easy.} Rc1+ 37. Kg2) 36... Rxb6 $16 37. axb6 {[%emt 0:00:01][%mdl 4096] Endgame aiming for Na6. KRB-KRN} Rb8 (37... Rc5) (37... Rc5 $16) 38. Ra6 $18 {[%emt 0:01:52] Strongly threatening Nc6.} Rb7 $2 (38... Bd4 39. Nd5 Kf8) (38... Bd4 {is more resistant.} 39. Nd5 Kf8) 39. Kf1 {[%emt 0:01:55] Black must now prevent Nc6.} Bd4 40. Nd5 Bc5 (40... Rb8 {is a better defense.} 41. Ke2 Kf8) 41. b4 Bd6 42. Ke2 {[%emt 0:03:03] [#] Threatens to win with Kd3.} Bf8 (42... Rd7 $142 43. Kd3 Bxb4) 43. Kd3 Bd6 44. Kc4 Be5 45. Kb5 Kf8 46. Kc6 Rb8 47. b7 {[%emt 0:00:26] White threatens Ra8 and mate.} Ke8 48. Ra8 {[%emt 0:01:06] Weighted Error Value: White=0.38/Black=0.45} 1-0

[Event "Kezmarok Chess Open 2022"]
[Site "Kezmarok"]
[Date "2022.10.01"]
[Round "9.16"]
[White "Velychko, Sofiya"]
[Black "Hagara, Eduard"]
[Result "1-0"]
[ECO "C00"]
[WhiteElo "1371"]
[BlackElo "1734"]
[Annotator "NA RC COMBH"]
[PlyCount "37"]
[EventDate "2022.09.24"]
[EventType "swiss"]
[EventCountry "SVK"]
[SourceTitle "playchess.com"]
[Source "ChessBase"]
[SourceQuality "1"]
[TimeControl "40/5400+30:1800+30"]

1. e4 e6 2. d4 d5 3. Bd3 c5 4. exd5 Qxd5 5. Nc3 Qxd4 6. Nb5 Qe5+ 7. Ne2 g5 8. f4 gxf4 9. Bxf4 Qxb2 10. Nc7+ Ke7 11. Nxa8 Nc6 12. Nc7 a6 13. O-O Bg7 14. Rb1 Bd4+ 15. Nxd4 Qxd4+ 16. Kh1 e5 17. Bg3 Qd6 18. Qh5 f6 19. Qe8# 1-0

[Event "Kezmarok Chess Open 2022"]
[Site "Kezmarok"]
[Date "2022.10.01"]
[Round "9.17"]
[White "Horbalova, Ivana"]
[Black "Kolek, Stefan"]
[Result "0-1"]
[ECO "C02"]
[WhiteElo "1286"]
[BlackElo "1524"]
[Annotator "NA RC COMBH"]
[PlyCount "66"]
[EventDate "2022.09.24"]
[EventType "swiss"]
[EventCountry "SVK"]
[SourceTitle "playchess.com"]
[Source "ChessBase"]
[SourceQuality "1"]
[TimeControl "40/5400+30:1800+30"]

1. d4 e6 2. e4 d5 3. e5 c5 4. c3 cxd4 5. cxd4 Nc6 6. Nf3 Qb6 7. Be3 Qxb2 8. Nbd2 Bb4 9. Be2 Bxd2+ 10. Bxd2 Nxd4 11. Nxd4 Qxd4 12. O-O Qxe5 13. Re1 Qd6 14. Qa4+ Bd7 15. Qb3 Bc6 16. Bb4 Qd8 17. Rac1 Ne7 18. Bc3 O-O 19. Bb2 Nf5 20. Qh3 Qh4 21. Qg4 Qxg4 22. Bxg4 Ne7 23. Rc3 Ng6 24. Rg3 Rfe8 25. h4 Nxh4 26. Bxe6 Ng6 27. Bxf7+ Kxf7 28. Rf3+ Kg8 29. Rfe3 Rxe3 30. Rxe3 Re8 31. Rg3 Re1+ 32. Kh2 Re2 33. f4 Rxb2 0-1